 Dungeon Crawl Stone Soup version 0.22-a0-21-g9421e3f (webtiles) character file.

723 Lanoc the Ruffian (level 7, 0/57 HPs)
             Began as a White Draconian Transmuter on Jan 2, 2018.
             Was a Believer of Qazlal.
             Slain by a centaur (8 damage)
             ... on level 5 of the Dungeon.
             The game lasted 00:11:36 (3614 turns).

Lanoc the Ruffian (White Draconian Transmuter)      Turns: 3614, Time: 00:11:37

Health: 0/57       AC:  2    Str: 12    XL:     7   Next: 43%
Magic:  8/11       EV: 21    Int: 16    God:    Qazlal [**....]
Gold:   205        SH:  3    Dex: 16    Spells: 1/12 levels left

rFire    . . .     SeeInvis .     - Unarmed
rCold    . . .     Gourm    .   (shield currently unavailable)
rNeg     . . .     Faith    .   (armour unavailable)
rPois    x         Spirit   .   (helmet currently unavailable)
rElec    .         Reflect  .   (cloak currently unavailable)
rCorr    .         Harm     .   (gloves currently unavailable)
MR       .....                  (boots currently unavailable)
Stlth    +.........             (no amulet)
HPRegen  0.19/turn              d - +4 ring of slaying
MPRegen  0.12/turn              (no ring)

@: spider-form
A: tiny, (breathe frost), unfitting armour, AC +6
a: End Transformation, Upheaval, Renounce Religion


You were on level 5 of the Dungeon.
You worshipped Qazlal.
Qazlal was pleased with you.
You were not hungry.
You were a venomous arachnid creature.
You visited 1 branch of the dungeon, and saw 5 of its levels.

You collected 205 gold pieces.

Inventory:

Missiles
 a - 37 arrows
Armour
 v - the +2 pair of boots of Dyspraxia (melded) {+Blink Dex+3 Stlth+}
   (You found it on level 4 of the Dungeon)

   It affects your dexterity (+3).
   It lets you blink.
   It makes you more stealthy.
Jewellery
 d - a +4 ring of slaying (left front leg)
 u - the amulet of the Morning {Spirit Str+7}
   (You found it on level 4 of the Dungeon)

   [amulet of guardian spirit]

   It causes incoming damage to be split between your health and magic.
   It affects your strength (+7).
Wands
 f - a wand of enslavement (15)
 g - a wand of paralysis (15)
 q - a wand of acid (6)
Scrolls
 i - 3 scrolls of immolation {unknown}
 m - a scroll of enchant weapon {unknown}
 n - 6 scrolls of identify {unknown}
 r - a scroll of teleportation {unknown}
 s - a scroll of magic mapping {unknown}
 w - a scroll of random uselessness {unknown}
 x - a scroll of enchant armour {unknown}
Potions
 e - 3 potions of lignification {unknown}
 h - 3 potions of magic {unknown}
 j - 2 potions of haste {unknown}
 k - 2 potions of might {unknown}
 l - 2 potions of invisibility {unknown}
 o - 2 potions of brilliance {unknown}
 p - 2 potions of heal wounds {unknown}
Books
 b - a book of Changes

   Spells                             Type                      Level
   a - Beastly Appendage              Transmutation                1
   b - Sticks to Snakes               Transmutation                2
   c - Spider Form                    Transmutation/Poison         3
   d - Ice Form                       Ice/Transmutation            4
   e - Blade Hands                    Transmutation                5
Comestibles
 c - 8 rations
 t - 5 chunks of flesh


   Skills:
 + Level 3.1 Fighting
 + Level 3.1 Dodging
 * Level 5.1 Unarmed Combat
 + Level 3.2 Spellcasting
 * Level 4.5 Transmutations
 + Level 2.5 Invocations


You had one spell level left.
You knew the following spells:

 Your Spells              Type           Power        Failure   Level  Hunger
a - Beastly Appendage     Tmut           ###...       10%         1    None
b - Sticks to Snakes      Tmut           ###.....     13%         2    ##.....
c - Spider Form           Tmut/Pois      #.........   43%         3    ###....
d - Blade Hands           Tmut           ###.......   78%         5    ######.


Dungeon Overview and Level Annotations

Branches:
Dungeon (5/15)
 Temple: D:4-7

Altars:
Ashenzari
Fedhas
Kikubaaqudgha
Nemelex Xobeh
Qazlal
Sif Muna
Vehumet
Yredelemnul

Shops:
D:4 *


Innate Abilities, Weirdness & Mutations

((You can breathe waves of freezing cold.))
((You can buffet flying creatures when you breathe cold.))
((Your icy white scales are hard. (AC +6)))
You cannot fit into any form of body armour.
((Your flesh is cold resistant. (rC+)))
((You are cold-blooded and may be slowed by cold attacks.))


Message History

You turn into a venomous arachnid creature.
The +2 pair of boots of Dyspraxia {+Blink Dex+3 Stlth+} melds into your body.
The centaur completely misses you.
You hit the centaur.
The centaur is lightly wounded.
The centaur completely misses you. The centaur hits you.
* * * LOW HITPOINT WARNING * * *
You closely miss the centaur.
The centaur is lightly wounded.
The centaur hits you.
* * * LOW HITPOINT WARNING * * *
You bite the centaur!
The centaur is heavily wounded.
The centaur barely misses you. The centaur hits you.
* * * LOW HITPOINT WARNING * * *
Okay, then.
You hit the centaur but do no damage.
The centaur is poisoned.
The centaur is heavily wounded.
The centaur hits you!
You die...

...##.... #.
#######......(.
#####.
#..............
#.....
#..............
#.....
#.......#####+#
#.....
#...†...+
#.....
#......(#
########.....
#.....c.#
#......'.....
##....§s.#
#.######.....
#......(§# #.#
#.....
#.......(# #.#
#.....
#.......(###.#
#.....
#.#####..(.#.#
#..... #.#
#.##.#.# #.....
#.# #.##.#.#
###### #.#
#....#.# #.#
######.#


You could see a centaur.

Vanquished Creatures
  A sky beast (D:5)
  2 ogres
  A centaur skeleton (D:4)
  A hound (D:4)
  An iguana (D:4)
  Terence (D:2)
  Natasha (twice) (D:2)
  4 worker ants
  Robin (D:2)
  7 adders
  A shadow imp (D:4)
  2 oozes
  An adder skeleton (D:4)
  2 worms
  2 dart slugs
  A leopard gecko (D:4)
  7 orcs
  6 bats
  9 giant cockroaches
  9 goblins
  13 hobgoblins
  9 jackals
  4 quokkas
  4 ball pythons
  4 frilled lizards
  7 kobolds
  A leopard gecko skeleton (D:5)
  6 rats
109 creatures vanquished.

Notes
Turn   | Place    | Note
-------+----------+-------------------------------------------
     0 | D:1      | Lanoc the Draconian Transmuter began the quest for the Orb.
     0 | D:1      | Reached XP level 1. HP: 16/16 MP: 3/3
    90 | D:1      | Reached XP level 2. HP: 19/23 MP: 3/5
   717 | D:2      | Learned a level 2 spell: Sticks to Snakes
   739 | D:2      | Found a stormy altar of Qazlal.
   747 | D:2      | Became a worshipper of Qazlal Stormbringer
   775 | D:2      | Reached XP level 3. HP: 28/28 MP: 4/6
   840 | D:2      | Noticed Robin
   984 | D:2      | Killed Robin
   984 | D:2      | Reached XP level 4. HP: 29/36 MP: 7/7
  1116 | D:2      | Learned a level 3 spell: Spider Form
  1140 | D:2      | Reached * piety under Qazlal
  1270 | D:2      | Found a blossoming altar of Fedhas.
  1282 | D:2      | Noticed Natasha
  1290 | D:2      | Killed Natasha
  1296 | D:2      | Noticed Terence
  1297 | D:2      | Noticed Natasha
  1297 | D:2      | Found a shattered altar of Ashenzari.
  1303 | D:2      | Killed Natasha
  1303 | D:2      | Reached skill level 1 in Invocations
  1303 | D:2      | Reached XP level 5. HP: 26/41 MP: 3/8
  1315 | D:2      | Found a basalt altar of Yredelemnul.
  1479 | D:2      | Reached skill level 4 in Unarmed Combat
  1521 | D:2      | Killed Terence
  1599 | D:2      | Found a sparkling altar of Nemelex Xobeh.
  2400 | D:4      | Reached ** piety under Qazlal
  2406 | D:4      | Reached XP level 6. HP: 30/50 MP: 10/10
  2532 | D:4      | Found an ancient bone altar of Kikubaaqudgha.
  2534 | D:4      | Found a deep blue altar of Sif Muna.
  2536 | D:4      | Found a radiant altar of Vehumet.
  2538 | D:4      | Identified Kikubaaqudgha's Almanac of Necromancy
  2629 | D:4      | Found Comoul's Elemental Accessories.
  2896 | D:4      | Got a smoking ruby amulet
  2897 | D:4      | Identified the amulet of the Morning {Spirit Str+7} (You found it on level 4 of the Dungeon)
  3105 | D:4      | Got a pair of jewelled boots
  3114 | D:4      | Identified the +2 pair of boots of Dyspraxia {+Blink Dex+3 Stlth+} (You found it on level 4 of the Dungeon)
  3269 | D:5      | Entered Level 5 of the Dungeon
  3333 | D:5      | Learned a level 5 spell: Blade Hands
  3356 | D:5      | Your scales start taking on an icy white colour.
  3356 | D:5      | Reached XP level 7. HP: 56/56 MP: 7/11
  3356 | D:5      | Gained mutation: Your flesh is cold resistant. (rC+) [White Draconian growth]
  3450 | D:5      | Reached skill level 5 in Unarmed Combat
  3614 | D:5      | Slain by a centaur

Vault maps used:
D:1:      dpeg_arrival_chase, minmay_tromino_i2
D:2:      minmay_wonky_spiral, lemuel_doored_altar, overflow_temple_1_default,
          nicolae_ashenzari_panopticon, grunt_qazlal_sundering,
          nemelex_dance_club_becter, uniq_terence, uniq_robin, uniq_natasha
D:3:      first_ration
D:4:      grunt_temple_overflow_magic_moments, roderic_roman_lattice,
          nicolae_elemental_shop
D:5:      cheibrodos_iron_armory

Skill      XL: |  1  2  3  4  5  6  7 |
---------------+----------------------+-----
Dodging        | 2 3 |  3.1
Fighting       | 2 3 |  3.1
Transmutations | 3 4 |  4.5
Invocations    | 1 2 |  2.5
Unarmed Combat | 4 5 |  5.1
Spellcasting   | 3 |  3.2

Action                   |  1- 3 |  4- 6 |  7- 9 || total
-------------------------+-------+-------+-------++-------
Melee: Unarmed           |    69 |   139 |    38 ||   246
       Headbutt          |     4 |     6 |     2 ||    12
       Tailslap          |     4 |     8 |     3 ||    15
       Kick              |     2 |     4 |       ||     6
       Punch             |       |     1 |       ||     1
 Cast: Beastly Appendage |    16 |    19 |     2 ||    37
       Spider Form       |       |    14 |     2 ||    16
 Abil: Breathe Frost     |       |       |     1 ||     1
  Eat: Chunk             |     1 |     9 |     2 ||    12
Armor: Skin              |    15 |    21 |    14 ||    50
Dodge: Dodged            |    42 |    81 |    28 ||   151
Block: Other             |       |     7 |     4 ||    11

Table legend:
 A = Spawn XP
 B = Non-spawn XP
 C = Spawn XP percentage of total XP
 D = Spawn monster count
 E = Non-spawn monster count
 F = Spawn count percentage of total count
 G = Total turns spent on level
                    A         B        C        D         E        F      G
               +---------+---------+-------+---------+---------+-------+---------
         Total |       0 |    1034 |   0.0 |       0 |     109 |   0.0 |  3614
               +---------+---------+-------+---------+---------+-------+---------
           D:1 |       0 |      55 |   0.0 |       0 |      16 |   0.0 |   825
           D:2 |       0 |     212 |   0.0 |       0 |      37 |   0.0 |   902
           D:3 |       0 |      50 |   0.0 |       0 |      21 |   0.0 |   651
           D:4 |       0 |     325 |   0.0 |       0 |      15 |   0.0 |   891
           D:5 |       0 |     392 |   0.0 |       0 |      20 |   0.0 |   345
               +---------+---------+-------+---------+---------+-------+---------
